 Dungeon Crawl Stone Soup version 0.19-a0-1097-g38e3b35 (webtiles) character file.

2000 4thArraOfDagon the Grappler (level 9, 49/75 HPs)
             Began as a Troll Arcane Marksman on Aug 8, 2016.
             Quit the game on level 3 of the Dungeon.
             The game lasted 00:09:01 (1723 turns).

4thArraOfDagon the Grappler (Troll Arcane Marksman) Turns: 1723, Time: 00:09:02

Health: 49/75      AC:  7    Str: 21    XL:     9   Next: 2%
Magic:  9/9        EV: 10    Int: 12    God:
Gold:   113        SH:  0    Dex:  9    Spells: 1 memorised, 9 levels left

rFire  . . .     SeeInvis .       - Unarmed
rCold  . . .     Gourm    +     p - +2 robe
rNeg   . . .     Faith    .     (no shield)
rPois  .         Spirit   .     (helmet restricted)
rElec  .         Dismiss  .     (no cloak)
rCorr  .         Reflect  .     (gloves unavailable)
SustAt .         Harm     .     (boots unavailable)
MR     .....     Rnd*Tele +     s - amulet of the gourmand
Stlth  +.........               (no ring)
                                q - ring of teleportation (curse)

@:
A: unfitting armour, claws 3, fast metabolism 3, gourmand, regeneration 2,
shaggy fur 1, tough skin 2
a: no special abilities


You were on level 3 of the Dungeon.
You were not hungry.

You visited 1 branch of the dungeon, and saw 8 of its levels.

You collected 197 gold pieces.
You spent 84 gold pieces at shops.

Inventory:

Missiles
 c - 4 large rocks (quivered)
Armour
 a - a +0 robe
 o - a -2 robe
 p - a +2 robe (worn)
Jewellery
 q - a cursed ring of teleportation (left claw)
 s - an amulet of the gourmand (around neck)
Wands
 r - a wand of digging (1/24)
Scrolls
 d - a scroll of holy word
 j - a scroll of recharging
 k - a scroll of teleportation
 l - a scroll of fear {unknown}
 n - 3 scrolls of blinking
Potions
 e - 2 potions of curing
 t - 2 potions of flight {unknown}
Books
 b - a book of Debilitation

   Spells                             Type                      Level
   a - Corona                         Hexes                        1
   b - Slow                           Hexes                        2
   c - Gell's Gravitas                Hexes/Translocation          3
   d - Inner Flame                    Hexes/Fire                   3
   e - Cause Fear                     Hexes                        4
   f - Leda's Liquefaction            Hexes/Earth                  4
Comestibles
 f - 4 bread rations
 g - 2 fruits
 h - 2 meat rations
 i - a royal jelly
 m - a beef jerky


   Skills:
 - Level 0.7 Fighting
 - Level 1.7 Throwing
 - Level 1.5 Dodging
 * Level 11.5 Unarmed Combat
 - Level 1.0 Spellcasting
 - Level 2.0 Hexes


You had 9 spell levels left.
You knew the following spells:

 Your Spells              Type           Power        Failure   Level  Hunger
a - Corona                Hex            #......      14%         1    ##.....


Dungeon Overview and Level Annotations

Branches:
Dungeon (8/15)
 Temple: D:4-7         Lair: D:8-11

Altars:
Kikubaaqudgha
Pakellas

Shops:
D:4 *[   D:8 [

Annotations:
D:8 exclusion: killer bee


Innate Abilities, Weirdness & Mutations

You are too large for most types of armour.
You have claws for hands.
Your metabolism is lightning-fast.
You like to eat raw meat.
You heal very quickly.
You are covered in fur. (AC +1)
You have very tough skin. (AC +2)


Message History

You claw the ogre!
You kill the ogre!
You have reached level 9!
Your experience leads to an increase in your attributes!
Increase (S)trength, (I)ntelligence, or (D)exterity?
You feel clever.
You feel stronger.
Things that are here:
a giant club; an ogre corpse You butcher the ogre corpse.
u - a chunk of flesh You see here a giant club.
Eat a chunk of flesh? (ye/n/q)
You start eating the chunk of flesh.
You continue eating. x2
You finish eating.
This raw flesh tastes great.
There is a stone staircase leading up here.
You climb upwards.
There is a stone staircase leading down here.
Unknown command.
Are you sure you want to abandon this character and quit the game? (Confirm with "yes".)

#....# #.###.# #....#
..##.# ##....#####.##.#
#............#.#
#..........#.#.# ######
#..........#.#.###......
#..........<.......###
#...........#..##....#
#####.#####.#.@##..#.#
........# ..##.##..# #
.......## #..##.###.#
....... #..##.. ..
###.##. #....##. .#. #.
## .#.#. . ##. # . . .
..


There were no monsters in sight!

Vanquished Creatures
  Grinder (D:4)
  A water moccasin (D:8)
  An ice beast (D:7)
  5 ogres
  A centaur (D:7)
  2 big kobolds
  3 giant frogs
  A wyvern skeleton (D:6)
  A scorpion (D:4)
  A killer bee (D:8)
  A howler monkey (D:4)
  A crimson imp (D:5)
  A jelly (D:5)
  A giant frog skeleton (D:4)
  2 centaur skeletons
  2 hounds
  2 orc priests (D:7)
  5 orc wizards
  4 worker ants
  A hound zombie (D:7)
  3 adders
  2 shadow imps (D:5)
  An adder skeleton (D:5)
  A worm (D:4)
  A giant gecko (D:4)
  8 orcs
  A bat (D:3)
  3 giant cockroaches
  A goblin (D:2)
  2 quokkas
  A giant gecko zombie (D:7)
  10 kobolds
71 creatures vanquished.

Notes
Turn   | Place    | Note
-------+----------+-------------------------------------------
     0 | D:1      | 4thArraOfDagon the Troll Arcane Marksman began the quest for the Orb.
     0 | D:1      | Reached XP level 1. HP: 18/18 MP: 1/1
    86 | D:2      | Reached skill level 1 in Unarmed Combat
    86 | D:2      | Reached XP level 2. HP: 19/26 MP: 2/2
   137 | D:3      | Reached skill level 2 in Unarmed Combat
   165 | D:4      | Noticed a howler monkey
   172 | D:4      | Reached skill level 3 in Unarmed Combat
   172 | D:4      | Reached XP level 3. HP: 23/32 MP: 3/3
   181 | D:4      | Reached skill level 4 in Unarmed Combat
   181 | D:4      | Reached XP level 4. HP: 34/40 MP: 4/4
   203 | D:4      | Noticed Grinder
   203 | D:4      | Paralysed by Grinder for 7 turns
   257 | D:4      | Reached XP level 5. HP: 29/46 MP: 5/5
   297 | D:4      | Noticed an ogre
   309 | D:4      | Reached skill level 5 in Unarmed Combat
   313 | D:4      | Killed an ogre
   320 | D:4      | Reached skill level 6 in Unarmed Combat
   320 | D:4      | Reached XP level 6. HP: 50/54 MP: 6/6
   397 | D:4      | Found Keafur's Armour Emporium.
   429 | D:4      | Found Odocwaud's Assorted Antiques.
   435 | D:4      | Bought a scroll labeled RIOLUN ZAFFY for 28 gold pieces
   435 | D:4      | Bought a scroll labeled ECVINU YCRE for 28 gold pieces
   518 | D:5      | Entered Level 5 of the Dungeon
   753 | D:7      | Reached skill level 7 in Unarmed Combat
   764 | D:7      | Reached XP level 7. HP: 49/61 MP: 7/7
   832 | D:7      | Found an ancient bone altar of Kikubaaqudgha.
   836 | D:7      | Reached skill level 8 in Unarmed Combat
   860 | D:8      | Found Ycol's Antique Armour Emporium.
   877 | D:8      | Bought a glowing robe for 14 gold pieces
   887 | D:8      | Bought an embroidered robe for 14 gold pieces
   904 | D:8      | Reached skill level 9 in Unarmed Combat
   933 | D:8      | Reached XP level 8. HP: 51/68 MP: 8/8
  1226 | D:7      | Reached skill level 10 in Unarmed Combat
  1534 | D:5      | Found an oddly glowing altar of Pakellas.
  1651 | D:4      | Reached skill level 11 in Unarmed Combat
  1684 | D:4      | Killed Grinder
  1710 | D:4      | Reached XP level 9. HP: 41/75 MP: 9/9
  1723 | D:3      | Quit the game

Vault maps used:
D:1:      dpeg_arrival_snail, minmay_misc_feat_pillars
D:2:      uniq_sigmund, uniq_crazy_yiuf_cottage
D:3:      ecumenical_altar_1
D:4:      first_bread, serial_shops, shop, nicolae_shop_window_shopping, shop,
          shop, uniq_grinder
D:5:      johnstein_pakellas_dig
D:6:      kennysheep_slug_shrine
D:7:      basic_altar, serial_corexii_hall, corexii_hall_statues_x,
          corexii_hall_statues_x, minmay_liquid_box, uniq_joseph
D:8:      serial_shops, nicolae_shop_temple_entry_statues_fountains

Skill      XL: |  1  2  3  4  5  6  7  8 |
---------------+-------------------------+-----
Unarmed Combat | 1 3 4 6 7 9 11 | 11.5
Fighting       | |  0.7
Throwing       | |  1.7
Dodging        | |  1.5
Spellcasting   | |  1.0
Hexes          | |  2.0

Action                   |  1- 3 |  4- 6 |  7- 9 || total
-------------------------+-------+-------+-------++-------
Melee: Unarmed           |    36 |    72 |   172 ||   280
       Punch             |       |     2 |     2 ||     4
Throw: Throwing net      |     1 |     2 |       ||     3
  Use: Potion            |     1 |       |     3 ||     4
       Scroll            |       |     1 |     5 ||     6
  Eat: Chunk             |     1 |    10 |     6 ||    17
Armor: Robe              |    16 |    20 |    45 ||    81
Dodge: Dodged            |    19 |    36 |    63 ||   118
